 Dungeon Crawl Stone Soup version 0.28.0-53-g5a82cb258f (webtiles) character file.

Game seed: 3201666075627025424

2292 DildoBatman the Fighter (level 9, -5/74 HPs)
             Began as a Formicid Conjurer on May 22, 2022.
             Slain by a two-headed ogre
             ... wielding a +0 giant club
              (17 damage)
             ... on level 8 of the Dungeon.
             The game lasted 00:16:58 (6154 turns).

DildoBatman the Fighter (Formicid Conjurer)         Turns: 6154, Time: 00:16:58

Health: -5/74      AC:  8    Str: 12    XL:     9   Next: 67%
Magic:  19/19      EV: 16    Int: 18    God:
Gold:   343        SH:  5    Dex: 17    Spells: 19/22 levels left

rFire   . . .      SeeInvis +   a - +4 war axe "Curaxkedgh" {drain, Dex+4}
rCold   . . .      Faith    .   (no shield)
rNeg    . . .      Spirit   .   J - +0 steam dragon scales
rPois   +          Reflect  +   (helmet unavailable)
rElec   .          Harm     .   (no cloak)
rCorr   .          Rampage  .   (no gloves)
Will    .....                   h - +2 pair of boots
Stlth   ++........              y - amulet of reflection
HPRegen 0.22/turn               e - +4 ring of evasion
MPRegen 0.16/turn               q - ring of poison resistance

@: no status effects
A: permanent stasis, dig shafts and tunnels, antennae 3, four strong arms
a: Dig, Shaft Self


You were on level 8 of the Dungeon.
You visited 1 branch of the dungeon, and saw 8 of its levels.

You collected 343 gold pieces.

Inventory:

Hand Weapons
 a - the +4 war axe "Curaxkedgh" (weapon) {drain, Dex+4}
   (You found it on level 5 of the Dungeon)

   A truly terrible weapon, it drains the life of any living foe it strikes.
   Dex:       It affects your dexterity (+4).
 b - a +0 hunting sling
 d - a +0 long sword
 C - a +0 whip of venom
 G - a +2 flail of venom
Missiles
 c - 161 stones
 g - 156 arrows
 o - 56 sling bullets
 r - 25 bolts
 t - 4 throwing nets
 w - 3 atropa-tipped darts
 x - a boomerang
 E - 2 poisoned darts
 K - a curare-tipped dart
Armour
 h - a +2 pair of boots (worn)
 J - +0 steam dragon scales (worn)
Jewellery
 e - a +4 ring of evasion (left hand)
 i - a ring of positive energy
 q - a ring of poison resistance (right hand)
 y - an amulet of reflection (around neck)
Wands
 k - a wand of flame (53)
 n - a wand of charming (11)
 A - a wand of digging (8)
Scrolls
 f - a scroll of silence {unknown}
 p - a scroll of fear
 s - 3 scrolls of identify
 u - a scroll of immolation
 D - a scroll of enchant weapon
 F - a scroll of torment {unknown}
 H - a scroll of enchant armour {unknown}
 L - a scroll of amnesia {unknown}
Potions
 j - 2 potions of berserk rage {unknown}
 l - 2 potions of cancellation {unknown}
 m - a potion of haste {unknown}
 v - 2 potions of invisibility {unknown}
 z - 2 potions of degeneration {unknown}
 B - a potion of might {unknown}
 I - a potion of brilliance {unknown}


   Skills:
 - Level 8.1 Fighting
 * Level 4.0 Axes
 - Level 2.0 Armour
 - Level 1.7 Dodging
 - Level 2.4 Stealth
 - Level 7.0 Spellcasting
 - Level 6.0 Conjurations


You had 19 spell levels left.
You knew the following spells:

 Your Spells              Type           Power      Damage    Failure   Level
a - Searing Ray           Conj           54%        2d6       1%          2
c - Magic Dart            Conj           100%       1d8       1%          1

Your spell library contained the following spells:

 Spells                   Type           Power      Damage    Failure   Level
 Shock                    Conj/Air       68%        1d7       3%          1
 Dazzling Flash           Conj/Hex       34%        N/A       10%         3
 Animate Skeleton         Necr           12%        N/A       11%         1
 Apportation              Tloc           12%        N/A       11%         1
 Summon Small Mammal      Summ           24%        N/A       11%         1
 Fulminant Prism          Conj/Hex       8%         3d7       30%         4
 Iskenderun's Mystic Bla  Conj/Tloc      17%        2d5       30%         4
 Call Canine Familiar     Summ           6%         N/A       32%         3
 Portal Projectile        Hex/Tloc       12%        N/A       32%         3
 Tukima's Dance           Hex            6%         N/A       32%         3
 Airstrike                Air            3%         N/A       71%         4
 Anguish                  Hex/Necr       3%         N/A       71%         4
 Leda's Liquefaction      Hex/Erth       3%         N/A       71%         4
 Enfeeble                 Hex            3%         N/A       100%        7
 Swiftness                Air            Unusable   N/A       N/A         3

Dungeon Overview and Level Annotations

Branches:
Dungeon (7/15)             Temple (0/1) D:7

Altars:
Dithmenos
Elyvilon
Okawaru
Sif Muna
Vehumet
Wu Jian
Xom
The Shining One

Shops:
D:4 [

Annotations:
D:2 exclusion: frilled lizard, Natasha
D:3 3 runed translucent doors, exclusions: skeleton and zombie, duchin's ghost, weakling DsGl


Innate Abilities, Weirdness & Mutations

You cannot be hasted, slowed, berserked, paralysed or teleported.
You can dig through walls and to a lower floor.
You have a pair of large antennae on your head. (SInv)
Your four strong arms can wield two-handed weapons with a shield.


Message History

What are your orders? t - Shout!
Orders for allies: a - Attack new target. r - Retreat! s - Stop attacking. g - Guard the area. f - Follow me.
Anything else - Cancel.
You shout for attention!
The killer bee zombie misses you. The two-headed ogre misses you.
You block the two-headed ogre's attack.
The killer bee zombie closely misses you.
The howler monkey hits you but does no damage.
The wyvern zombie bites you. What are your orders? t - Shout!
Orders for allies: a - Attack new target. r - Retreat! s - Stop attacking. g - Guard the area. f - Follow me.
Anything else - Cancel.
You shout for attention!
The killer bee zombie barely misses you.
The howler monkey hits you but does no damage.
The wyvern zombie closely misses you.
The two-headed ogre hits you with a +0 giant club!!
You block the two-headed ogre's attack.
The killer bee zombie completely misses you.
What are your orders? t - Shout!
Orders for allies: a - Attack new target. r - Retreat! s - Stop attacking. g - Guard the area. f - Follow me.
Anything else - Cancel.
You shout for attention!
The killer bee zombie barely misses you.
You block the wyvern zombie's attack. The howler monkey misses you.
You block the killer bee zombie's attack.
The two-headed ogre closely misses you.
The two-headed ogre hits you with a +0 giant spiked club!
You die...

.$... .....##
......##
......# #....#
#....##
..##..Zh.##..##
......Z@O.....#
..............#
.........#...##
.........# ..#
.......##. ...
....#.. .. ..
....### .. #
... ...


You could see a two-headed ogre, a howler monkey, a wyvern zombie and a killer
bee zombie.

Vanquished Creatures
  Grinder (D:6)
  A slime creature (D:6)
  Eustachio (D:6)
  2 steam dragons (D:6)
  Duvessa (D:5)
  A sky beast (D:4)
  A necrophage (D:6)
  A centaur (D:6)
  A kobold brigand (D:6)
  2 scorpions
  Blork the orc (D:6)
  Dowan (D:5)
  A bullfrog zombie (D:5)
  3 centaur zombies
  4 hounds
  5 jellies
  2 centaur skeletons
  4 iguanas (D:5)
  An orc wizard (D:6)
  11 gnolls
  3 adders
  A white imp (D:5)
  2 adder skeletons (D:3)
  An adder zombie (D:3)
  5 worms
  2 dart slugs (D:2)
  18 orcs
  6 ball pythons
  4 bats
  8 endoplasms
  2 giant cockroaches (D:2)
  5 goblins
  6 hobgoblins
  2 jackals (D:5)
  6 kobolds
  2 quokkas
  A ball python skeleton (D:3)
  3 frilled lizards
  2 rats (D:2)
124 creatures vanquished.

Vanquished Creatures (others)
  2 fungi (D:6)
  7 toadstools (D:6)
9 creatures vanquished.

Grand Total: 133 creatures vanquished

Notes
Turn   | Place    | Note
-------+----------+-------------------------------------------
     0 | D:1      | DildoBatman the Formicid Conjurer began the quest for the
                  | Orb.
     0 | D:1      | Reached XP level 1. HP: 13/13 MP: 3/3
   162 | D:1      | Reached XP level 2. HP: 19/19 MP: 5/5
   165 | D:1      | Learned a level 2 spell: Searing Ray
   199 | D:1      | Found a faded altar of an unknown god.
   656 | D:2      | Found an ornate altar of the Wu Jian Council.
   689 | D:2      | Reached XP level 3. HP: 15/25 MP: 6/6
   751 | D:2      | Reached skill level 1 in Fighting
   868 | D:2      | Noticed Natasha
  1131 | D:3      | Reached XP level 4. HP: 32/32 MP: 1/7
  1555 | D:3      | Found a runed translucent gate.
  1556 | D:3      | Found a runed translucent gate.
  1556 | D:3      | Noticed duchin's ghost (weakling DsGl)
  1557 | D:3      | Found a runed translucent gate.
  1558 | D:3      | Noticed a kobold brigand
  1597 | D:3      | Reached skill level 2 in Fighting
  1750 | D:3      | Reached skill level 5 in Conjurations
  1752 | D:3      | Reached XP level 5. HP: 33/38 MP: 0/8
  2196 | D:3      | Found an iron altar of Okawaru.
  2196 | D:3      | Found a shimmering blue altar of Sif Muna.
  2203 | D:3      | Found a faded altar of an unknown god.
  2208 | D:3      | Found a glowing golden altar of the Shining One.
  2210 | D:3      | Found a shadowy altar of Dithmenos.
  2380 | D:4      | Found a shimmering altar of Xom.
  2413 | D:4      | Reached skill level 1 in Armour
  2423 | D:4      | Found Jeikos's Armour Boutique.
  2602 | D:4      | Reached XP level 6. HP: 44/44 MP: 4/10
  2767 | D:4      | Found a white marble altar of Elyvilon.
  2826 | D:4      | Noticed a sky beast
  3182 | D:5      | Entered Level 5 of the Dungeon
  3300 | D:5      | Reached XP level 7. HP: 50/50 MP: 1/12
  3472 | D:5      | Identified the +4 war axe "Curaxkedgh" {drain, Dex+4}
  3758 | D:5      | Found a radiant altar of Vehumet.
  3795 | D:5      | Reached skill level 5 in Spellcasting
  4257 | D:6      | Noticed a steam dragon
  4272 | D:6      | Noticed a steam dragon
  4322 | D:6      | Noticed Grinder
  4433 | D:6      | Reached XP level 8. HP: 43/56 MP: 4/17
  4758 | D:6      | Noticed Blork the orc
  5123 | D:5      | Noticed Eustachio
  5226 | D:5      | Noticed Duvessa
  5229 | D:5      | Noticed Dowan
  5237 | D:5      | Killed Duvessa
  5238 | D:5      | Killed Dowan
  5239 | D:5      | Reached skill level 3 in Fighting
  5318 | D:6      | Killed Eustachio
  5319 | D:6      | Reached skill level 5 in Fighting
  5407 | D:6      | Killed Grinder
  5408 | D:6      | Reached skill level 6 in Fighting
  5408 | D:6      | Reached XP level 9. HP: 58/69 MP: 8/19
  5449 | D:6      | Reached skill level 7 in Fighting
  5583 | D:6      | Killed Blork the orc
  5584 | D:6      | Reached skill level 8 in Fighting
  5673 | D:6      | Reached skill level 1 in Axes
  5703 | D:6      | Noticed a slime creature
  5715 | D:6      | Killed a slime creature
  6128 | D:7      | Found a staircase to the Ecumenical Temple.
  6141 | D:7      | You fall into a shaft and drop 1 floor!
  6141 | D:8      | Noticed a two-headed ogre
  6154 | D:8      | Slain by a two-headed ogre

Illustrated notes

Levels and vault maps discovered:
D:1:      erik_arrival_blinker_ship, layout_rooms,
          shapermc_ecumenical_altar_mp_vishouse, grunt_decor_resistance
D:2:      layout_rooms, basic_altar, eino_tiny_chamber, uniq_natasha
D:3:      layout_loops_corners, chequers_temple_overflow_minitemple,
          gammafunk_ghost_nasty_kobolds, serial_undead, serial_undead_e,
          serial_undead_c, serial_undead_d, serial_undead_e
D:4:      layout_cave_pools, general_overflow_altar,
          mainiacjoe_overflow_boulevard, serial_shops, shop
D:5:      layout_loops_cross, mainiacjoe_overflow_24_doors, uniq_eustachio,
          uniq_duvessa
D:6:      cheibrodos_fertilizer, layout_basic, uniq_blork_the_orc, uniq_grinder
D:7:      layout_basic, minmay_temple_entry_antechambers, nzn_ghost_randoct
D:8:      layout_cave_pools

Skill      XL: |  1  2  3  4  5  6  7  8  9 |
---------------+----------------------------+-----
Conjurations   | 4 5 6 |  6.0
Fighting       | 1 2 6 8 |  8.1
Armour         | 1 2 |  2.0
Spellcasting   | 3 6 7 |  7.0
Axes           | 4 |  4.0
Dodging        | |  1.7
Stealth        | |  2.4

Action                   |  1- 3 |  4- 6 |  7- 9 || total
-------------------------+-------+-------+-------++-------
Melee: Spear             |     9 |     4 |       ||    13
       Whip              |       |     2 |       ||     2
       War axe           |       |       |   127 ||   127
       Punch             |       |       |     1 ||     1
 Fire: Hunting sling     |    54 |    94 |    10 ||   158
 Cast: Magic Dart        |    22 |    17 |     6 ||    45
       Searing Ray       |     5 |    13 |    20 ||    38
 Abil: Shaft Self        |       |       |     1 ||     1
  Use: Scroll            |       |     2 |     1 ||     3
 Stab: Sleeping          |     1 |       |     3 ||     4
Armor: Robe              |     3 |    18 |    20 ||    41
       Steam dragon scal |       |       |    22 ||    22
Dodge: Dodged            |    21 |    45 |   152 ||   218
Block: Other             |       |     3 |    46 ||    49
       Reflection        |       |       |     2 ||     2
